 Dungeon Crawl Stone Soup version 0.18-a0-1577-gf591c28 (webtiles) character file.

52 M4edhros the Sneak (level 3, -1/23 HPs)
             Began as an Octopode Artificer on Mar 24, 2016.
             Slain by a river rat (9 damage)
             ... in a sewer.
             The game lasted 00:01:14 (1298 turns).

M4edhros the Sneak (Octopode Artificer)             Turns: 1298, Time: 00:01:14

Health: -1/23      AC:  1    Str: 10    XL:     3   Next: 85%
Magic:  5/5        EV: 12    Int: 14    God:
Gold:   95         SH:  3    Dex: 16    Spells: 0 memorised, 2 levels left

rFire  . . .     SeeInvis .     u - +2 short sword (speed)
rCold  . . .     Gourm    .     v - +0 buckler
rNeg   . . .     Faith    .     (helmet restricted)
rPois  .         Spirit   .     (no amulet)
rElec  .         Dismiss  .     j - +3 ring of dexterity
rCorr  .         Reflect  .     (no ring)
SustAt .         Harm     .     (no ring)
MR     .....                    (no ring)
Stlth  ++++......               (no ring)
                                (no ring)
                                (no ring)
                                (no ring)

@: not resistant to hostile enchantments, stealthy
A: almost no armour, amphibious, 8 rings, constrict 8, camouflage 1, gelatinous
body 1
a: no special abilities


You were in a sewer.
You were not hungry.

You visited 1 branch of the dungeon, and saw 3 of its levels.
You also visited: Sewer.

You collected 95 gold pieces.

Inventory:

Hand Weapons
 a - a +0 short sword
 u - a +2 short sword of speed (weapon)
Missiles
 r - 103 stones (quivered)
 s - 17 poisoned needles
 w - 7 curare-tipped needles
Armour
 v - a +0 buckler (worn)
Jewellery
 j - a +3 ring of dexterity (left tentacle)
Wands
 b - a wand of flame (15/48)
 c - a wand of enslavement (15/24)
 d - a wand of random effects (15/48)
Scrolls
 e - 2 scrolls of remove curse {unknown}
 h - a scroll of noise {unknown}
 i - 2 scrolls of fog {unknown}
 k - 3 scrolls of identify {unknown}
 l - 3 scrolls of fear {unknown}
 p - a scroll of amnesia {unknown}
 t - a scroll of enchant armour {unknown}
 y - a scroll of blinking {unknown}
Potions
 m - a potion of degeneration {unknown}
 o - 2 potions of flight {unknown}
 q - a potion of brilliance {unknown}
 x - a potion of curing {unknown}
Comestibles
 f - 2 bread rations
 g - 3 meat rations
 n - a beef jerky


   Skills:
 - Level 1.0 Fighting
 - Level 1.0 Short Blades
 + Level 2.8 Dodging
 * Level 4.2 Stealth
 - Level 3.2 Evocations


You had 2 spell levels left.
You didn't know any spells.

Dungeon Overview and Level Annotations

Branches:
Dungeon (3/15)

Altars:
Vehumet


Innate Abilities, Weirdness & Mutations

You cannot wear most types of armour.
You are amphibious.
You can wear up to eight rings at the same time.
You can use your tentacles to constrict eight enemies at once.
Your skin changes colour to match your surroundings (Stealth).
Your rubbery body absorbs attacks (AC +1).


Message History

You kill the rat!
You block the river rat's attack.
You see here a rat corpse.
You barely miss the river rat. Your grab misses the river rat.
The river rat bites you!
You barely miss the river rat. You grab the river rat.
You constrict the river rat. The river rat barely misses you.
You barely miss the river rat. You squeeze the river rat.
The river rat is heavily wounded.
You constrict the river rat, but do no damage.
The rat twitches its whiskers.
You block the river rat's attack.
You hit the river rat.
You squeeze the river rat, but do no damage.
The river rat is severely wounded.
You constrict the river rat, but do no damage.
You barely miss the river rat.
The river rat is severely wounded.
You constrict the river rat. The river rat bites you!
You die... ################## #r..r∩r∩..@r..≈≈≈≈ ##################

You could see 2 river rats and a rat.

Vanquished Creatures
  A river rat (D:3)
  2 worms
  A dart slug (D:2)
  A giant gecko (D:1)
  4 bats
  3 giant cockroaches
  3 goblins
  3 hobgoblins
  6 kobolds
  A ball python (D:3)
  8 rats
33 creatures vanquished.

Notes
Turn   | Place    | Note
--------------------------------------------------------------
     0 | D:1      | M4edhros the Octopode Artificer began the quest for the Orb.
     0 | D:1      | Reached XP level 1. HP: 13/13 MP: 3/3
   246 | D:1      | Reached skill level 2 in Stealth
   281 | D:1      | Reached XP level 2. HP: 12/18 MP: 4/4
   314 | D:1      | Reached skill level 3 in Stealth
   808 | D:2      | Reached XP level 3. HP: 23/23 MP: 5/5
   818 | D:2      | Found a radiant altar of Vehumet.
  1204 | D:3      | Found a glowing drain.
  1210 | D:3      | Reached skill level 4 in Stealth
  1289 | Sewer    | Entered a sewer
  1298 | Sewer    | Slain by a river rat

Vault maps used:
D:1:      scummos_arrival_simple_fountains
D:2:      lemuel_coloured_pillars_altar
D:3:      kennysheep_the_goblin_king, led_sif_book, lemuel_round_altar,
          tso_altar, portal_sewer_entry_c, kennysheep_generic_room_16
Sewer:    sewer_kobolds

Skill      XL: |  1  2  3 |
---------------+----------+-----
Stealth        | 2 3 4 |  4.2
Fighting       | |  1.0
Short Blades   | |  1.0
Dodging        | |  2.8
Evocations     | |  3.2

Action                   || total
-------------------------++-------
Melee: Short sword       ||    58
 Stab: Sleeping          ||    14
       Distracted        ||     1
  Eat: Chunk             ||     1
